Map: Golden Wall LE

Players

Reynor - Winner!

  • Race: Zerg Zerg
  • Spawn Location: 7:00

DnS

  • Race: Protoss Protoss
  • Spawn Location: 5:00

Event: DreamHack SC2 Masters 2020 Summer Europe

VOD

Have the link to the VOD?

Description

Time

  • Played on: June 25, 2020, 11:20 a.m.
  • Length: 8:01

All games in this series

Show
View Real Time Build Order
Export as new Build Order

Reynor Zerg - Winner!

Build Orders: Hatch First 

Get SALT Encoding   

  12  0:00  Drone  
  13  0:12  Overlord  
  13  0:17  Drone  
  14  0:30  Drone x2  
  16  0:51  Hatchery  
  16  0:55  Drone  
  16  1:19  Drone  
  16  1:22  Drone  
  16  1:24  Drone  
  16  1:25  Extractor, Spawning Pool  
  17  1:30  Drone  
  18  1:42  Drone  
  19  1:55  Drone  
  20  2:13  Queen, Zergling x4  
  20  2:15  Zergling x4  
  26  2:24  Overlord  
  26  2:27  Metabolic Boost  
  26  2:30  Queen  
  28  2:43  Zergling x6  
  31  2:46  Drone x2  
  33  2:58  Zergling x4  
  34  3:04  Hatchery  
  33  3:07  Drone x2  
  35  3:17  Overlord  
  35  3:19  Drone  
  36  3:29  Overlord  
  36  3:35  Queen  
  36  3:36  Drone x3  
  36  3:40  Drone x3  
  44  3:48  Drone  
  45  3:50  Spore Crawler x2  
  45  3:53  Evolution Chamber, Drone  
  45  3:54  Drone  
  44  4:02  Drone  
  45  4:04  Drone  
  45  4:09  Queen  
  48  4:13  Drone x3  
  48  4:15  Overlord  
  51  4:19  Zerg Melee Weapons Level 1  
  51  4:20  Drone  
  51  4:22  Spore Crawler  
  51  4:26  Drone x2  
  51  4:29  Drone x2  
  55  4:36  Drone  
  55  4:38  Queen  
  56  4:42  Drone x2  
  56  4:44  Overlord  
  60  4:46  Zergling x2  
  60  4:48  Drone  
  60  4:50  Zergling x2  
  63  4:57  Lair  
  63  4:58  Overlord  
  63  5:03  Drone x3  
  66  5:11  Overlord  
  66  5:14  Roach Warren  
  66  5:15  Extractor  
  66  5:16  Zergling x2  
  66  5:17  Zergling x8  
  66  5:18  Queen  
  66  5:19  Drone x2  
  73  5:23  Drone  
  73  5:24  Overlord  
  73  5:33  Drone x4  
  73  5:34  Drone  
  73  5:39  Drone x2  
  75  5:46  Drone x2  
  75  5:48  Zergling x8  
  75  5:49  Overlord  
  81  5:55  Glial Reconstitution, Roach x3  
  81  5:56  Overseer  
  87  5:57  Roach  
  87  5:58  Zergling x2  
  87  6:00  Extractor  
  87  6:01  Drone  
  90  6:04  Roach  
  90  6:07  Overlord  
  90  6:09  Roach x2, Zergling x4  
  96  6:15  Roach  
  98  6:18  Overlord x2  
  98  6:25  Queen  
  98  6:27  Overlord  
  98  6:31  Overlord  
  101  6:33  Roach x3  
  101  6:37  Roach, Zergling x6, Baneling Nest  
  109  6:40  Roach, Zergling x6  
  109  6:43  Drone x2  
  116  6:48  Queen  
  116  6:53  Roach, Zergling x4  
  122  7:04  Zergling x2  
  122  7:05  Ravager, Zergling x4  
  126  7:11  Zergling x2  
  126  7:13  Queen  
  126  7:15  Zergling x4  
  129  7:21  Hatchery  
  123  7:23  Zergling x6  
  123  7:24  Zergling x2  
  123  7:26  Zergling x2  
  123  7:27  Ravager x2  
  123  7:28  Zergling x2  
  127  7:35  Zergling x2  
  121  7:41  Zergling x10  
  124  7:45  Ravager x2  
Show
View Real Time Build Order
Export as new Build Order

DnS Protoss 

Build Orders: 1 Gate Expand, Oracle Opening 

Get SALT Encoding   

  12  0:00  Probe  
  13  0:12  Probe  
  14  0:20  Pylon  
  14  0:24  Probe  
  15  0:34  Probe  
  15  0:41  Gateway  
  16  0:42  Probe  
  17  0:51  Assimilator  
  17  0:53  Probe  
  18  1:05  Probe  
  19  1:30  Cybernetics Core  
  19  1:33  Probe  
  20  1:42  Nexus  
  20  1:46  Probe  
  21  1:52  Pylon  
  21  1:58  Probe  
  21  2:00  Adept, Assimilator  
  22  2:11  Probe  
  22  2:14  Warp Gate  
  25  2:20  Adept  
  25  2:23  Probe  
  26  2:35  Probe  
  29  2:47  Probe, Stargate  
  29  2:50  Probe  
  30  2:55  Adept  
  30  2:58  Probe  
  33  3:00  Probe  
  35  3:08  Probe  
  35  3:12  Gateway  
  36  3:19  Shield Battery  
  36  3:21  Probe x2  
  36  3:22  Oracle  
  38  3:33  Probe x2  
  43  3:41  Shield Battery  
  43  3:46  Probe x2, Pylon  
  45  3:54  Oracle  
  45  3:58  Probe  
  45  3:59  Assimilator  
  45  4:00  Assimilator  
  46  4:04  Pylon, Probe  
  46  4:07  Stalker  
  52  4:11  Probe  
  52  4:16  Probe  
  54  4:18  Pylon  
  54  4:23  Probe  
  55  4:28  Probe  
  55  4:30  Robotics Facility  
  56  4:36  Probe  
  57  4:40  Probe  
  58  4:47  Adept x2  
  58  4:48  Probe  
  58  4:49  Oracle  
  63  4:53  Probe  
  63  4:54  Pylon  
  67  5:00  Probe  
  67  5:05  Pylon  
  68  5:13  Nexus, Pylon  
  68  5:19  Sentry x2, Observer  
  68  5:20  Probe  
  68  5:21  Probe  
  75  5:33  Probe  
  76  5:37  Probe  
  76  5:41  Twilight Council  
  77  5:43  Forge  
  77  5:45  Probe  
  77  5:47  Sentry x2  
  77  5:48  Shield Battery  
  77  5:49  Immortal, Probe  
  83  5:59  Probe x2  
  89  6:07  Probe x2  
  89  6:11  Charge  
  91  6:17  Probe x2  
  93  6:28  Zealot x2  
  93  6:29  Probe x2  
  100  6:39  Immortal  
  104  6:41  Probe x2  
  104  6:42  Pylon  
  104  6:43  Gateway  
  104  6:45  Gateway  
  105  6:53  Probe x2  
  107  6:55  Assimilator  
  107  6:56  Probe  
  107  6:57  Assimilator  
  108  7:06  Probe  
  108  7:07  Templar Archives, Probe  
  108  7:08  Probe  
  109  7:12  Gateway x2  
  109  7:15  Gateway  
  109  7:18  Immortal  
  109  7:24  Zealot x2  
  98  7:38  Photon Cannon  
  98  7:40  Photon Cannon  
  98  7:41  Zealot  
  93  7:45  Zealot x3  
Tags
 
Add a new tag
Caveats
  • Supply blocks, unpowered buildings, or Contaminate may cause inaccurate times.
  • Supply counts are checked every 10 seconds.